 Dungeon Crawl Stone Soup version 0.27-a0-1116-g91b3acb402 (webtiles) character file.

Game seed: 1921718751279454397

89121 wakim the Nimble (level 15, -8/127 (128) HPs)
             Began as a Demigod Fire Elementalist on May 1, 2021.
             Mangled by Rupert
             ... wielding a +3 antimagic great mace
              (11 damage)
             ... on level 2 of the Orcish Mines.
             The game lasted 01:59:03 (42660 turns).

wakim the Nimble (Demigod Fire Elementalist)       Turns: 42660, Time: 01:59:04

HP:   -8/127 (128)  AC: 13    Str:  9    XL:     15   Next: 8%
MP:   0/32          EV: 16    Int: 42    God:
Gold: 1811          SH: 18    Dex: 14    Spells: 2/32 levels left

rFire    + . .     SeeInvis +   a - +3 dagger (freeze)
rCold    + + +     Faith    .   b - +2 kite shield {rPois}
rNeg     + . .     Spirit   .   q - +4 skin of Zhor {*Englaciate rC+++ SInv}
rPois    +         Reflect  +   i - +2 hat
rElec    +         Harm     .   j - +2 cloak of Goybboin {rElec rPois Stlth+}
rCorr    .         Rampage  .   B - +1 pair of gloves
Will     ++...                  (no boots)
Stlth    ++++......             N - amulet of reflection
HPRegen  0.31/turn              m - ring of protection from fire
MPRegen  0.23/turn              l - ring of Hases {rN+ Will+ Int+5}

@: about to teleport, lightly drained
A: high mp 1, forlorn
a: no special abilities


You were on level 2 of the Orcish Mines.
You visited 4 branches of the dungeon, and saw 24 of its levels.
You also visited: Ice Cave.

You collected 2088 gold pieces.
You spent 277 gold pieces at shops.

Inventory:

Hand Weapons
 a - a +3 dagger of freezing (weapon)
Missiles
 o - 7 atropa-tipped darts
 p - a throwing net {=f!f}
Armour
 b - a +2 kite shield of poison resistance (worn)
 f - a +2 robe of willpower
 i - a +2 hat (worn)
 j - the +2 cloak of Goybboin (worn) {rElec rPois Stlth+}
   (You found it on level 9 of the Dungeon)

   It insulates you from electricity.
   It protects you from poison.
   It makes you more stealthy.
 q - the +4 skin of Zhor (worn) {*Englaciate rC+++ SInv}
   (You found it on level 1 of the Lair of Beasts)

   It renders you almost immune to cold.
   It lets you see invisible.
 B - a +1 pair of gloves (worn)
Jewellery
 c - a ring of magical power
 d - a +4 ring of protection
 g - a ring of flight
 h - a ring of resist corrosion
 l - the ring of Hases (right hand) {rN+ Will+ Int+5}
   (You took it off a wight on level 7 of the Dungeon)

   [ring of willpower]

   It affects your intelligence (+5).
   It protects you from negative energy.
   It increases your willpower.
 m - a ring of protection from fire (left hand)
 n - a ring of positive energy
 z - a ring of see invisible
 A - a ring of protection from cold
 L - a +6 ring of intelligence
 N - an amulet of reflection (around neck)
Wands
 t - a wand of digging (4)
 u - a wand of mindburst (15)
 v - a wand of flame (56)
 w - a wand of acid (30)
 x - a wand of iceblast (38)
 y - a wand of paralysis (10)
Scrolls
 e - 3 scrolls of enchant weapon
 k - 2 scrolls of enchant armour
 r - 10 scrolls of identify
 s - 3 scrolls of brand weapon
 R - a scroll of magic mapping {!r}
 T - 3 scrolls of teleportation
 U - a scroll of fear
 W - a scroll of holy word
 Y - 4 scrolls of blinking {!r}
 Z - a scroll of silence {!r}
Potions
 C - a potion of berserk rage {!q}
 D - 7 potions of brilliance
 E - 3 potions of cancellation
 F - 6 potions of curing
 G - 2 potions of flight
 H - 3 potions of haste
 I - a potion of invisibility
 J - 6 potions of heal wounds
 K - 2 potions of magic
 M - a potion of mutation {!q}


   Skills:
 + Level 10.7 Fighting
 + Level 10.9 Dodging
 - Level 4.0 Stealth
 - Level 10.0 Shields
 * Level 9.1 Spellcasting
 * Level 10.2 Conjurations
 - Level 5.0 Hexes
 * Level 10.3 Fire Magic
 + Level 4.9 Earth Magic


You had 2 spell levels left.
You knew the following spells:

 Your Spells              Type           Power      Damage    Failure   Level
a - Foxfire               Conj/Fire      100%       2x1d9     1%          1
b - Inner Flame           Hex/Fire       70%        N/A       1%          3
c - Bolt of Magma         Conj/Fire/Erth 37%        4d16      2%          5
d - Magic Dart            Conj           100%       1d8       1%          1
e - Starburst             Conj/Fire      41%        8x6d12    7%          6
i - Iskenderun's Battles  Conj           81%        2d13      1%          5
q - Sticky Flame          Conj/Fire      82%        2d9       1%          4
x - Fireball              Conj/Fire      41%        3d17      1%          5

Your spell library contained the following spells:

 Spells                   Type           Power      Damage    Failure   Level
 Sandblast                Erth           100%       2d20      1%          1
 Passwall                 Tmut/Erth      32%        N/A       1%          2
 Searing Ray              Conj           100%       3d7       1%          2
 Poisonous Vapours        Pois/Air       38%        N/A       4%          2
 Confusing Touch          Hex            57%        N/A       1%          3
 Conjure Flame            Conj/Fire      82%        6-21      1%          3
 Dazzling Flash           Conj/Hex       100%       N/A       1%          3
 Stone Arrow              Conj/Erth      100%       3d13      1%          3
 Fulminant Prism          Conj/Hex       35%        3d18      1%          4
 Ignite Poison            Fire/Tmut/Pois 48%        N/A       2%          3
 Mephitic Cloud           Conj/Pois/Air  48%        N/A       2%          3
 Iskenderun's Mystic Bla  Conj/Tloc      58%        2d12      3%          4
 Gell's Gravitas          Tloc           9%         N/A       10%         3
 Swiftness                Air            19%        N/A       10%         3
 Irradiate                Conj/Tmut      29%        3d23      11%         5
 Petrify                  Tmut/Erth      39%        N/A       12%         4
 Lee's Rapid Deconstruct  Erth           28%        3d16*     12%         5
 Iron Shot                Conj/Erth      35%        9d7       22%         6
 Passage of Golubria      Tloc           N/A        N/A       32%         4
 Summon Lightning Spire   Summ/Air       19%        N/A       32%         4
 Metabolic Englaciation   Hex/Ice        20%        N/A       32%         5
 Silence                  Hex/Air        20%        N/A       32%         5
 Yara's Violent Unravell  Hex/Tmut       20%        3d9       32%         5
 Orb of Destruction       Conj           40%        9d14      38%         7
 Conjure Ball Lightning   Conj/Air       29%        3x3d8     52%         6
 Invisibility             Hex            57%        N/A       54%         6
 Freezing Cloud           Conj/Ice/Air   24%        6-21      77%         6
 Statue Form              Tmut/Erth      26%        N/A       88%         6
 Spellforged Servitor     Conj/Summ      29%        N/A       97%         7
 Blade Hands              Tmut           9%         N/A       99%         6
 Dragon Form              Tmut           9%         N/A       100%        7
 Tornado                  Air            9%         N/A       100%        9


Dungeon Overview and Level Annotations

Branches:
Dungeon (15/15)            Temple (1/1) D:6            Lair (6/6) D:9
 Shoals (0/4) Lair:2        Snake (0/4) Lair:2        Slime (0/5) Lair:5
    Orc (2/2) D:12         Vaults (0/5) D:13          IceCv (visited)
    Elf: Orc:2       Depths: D:15

Shops:
D:7 !   D:12 [

Portals:
Trove: D:12 (give 13 potions of heal wounds)

Annotations:
Lair:6 2 transporters, exclusion: ice statue, Kauxt's ghost, journeyman DrVM
Orc:2 Rupert


Innate Abilities, Weirdness & Mutations

Your attributes grow dramatically as you level up.
You have an increased reservoir of magic. (+10% MP)
You shall have no god before yourself.


Message History

The sticky flame hits Rupert but does no damage.
Rupert is lightly wounded.
Rupert is covered in liquid flames!
Rupert burns!
Your battlesphere fires!
The barrage of energy hits Rupert!
Rupert is lightly wounded.
Rupert hits you with a +3 antimagic great mace!!
You feel your power leaking away.
Rupert hits you with a +3 antimagic great mace.
Okay, then.
Rupert burns!
Rupert burns!
Rupert burns!
Rupert stops burning.
Rupert rages.
Rupert hits you with a +3 antimagic great mace.
Casting: Sticky Flame (mildly dangerous; 1% risk of failure)
Confirm with . or Enter, or press ? or * to list all spells.
You don't have enough magic to cast this spell.
Unknown command.
Casting: Sticky Flame (mildly dangerous; 1% risk of failure)
Confirm with . or Enter, or press ? or * to list all spells.
You don't have enough magic to cast this spell.
Unknown command.
You block Rupert's attack.
You radiate an aura of cold.
Rupert resists.
Your battlesphere is unaffected.
Rupert rages.
You block Rupert's attack.
You radiate an aura of cold.
Rupert resists.
Your battlesphere is unaffected.
You block Rupert's attack.
Rupert hits you with a +3 antimagic great mace!!
* * * LOW HITPOINT WARNING * * *
You feel your power leaking away.
As you read the scroll of teleportation, it crumbles to dust.
You feel strangely unstable.
Rupert hits you with a +3 antimagic great mace!!
* * * LOW HITPOINT WARNING * * *
Rupert hits you with a +3 antimagic great mace!
You die...

#)...................
.....................
.....................
.................#
.........*<......##
.....[............#
.................##
....[[....@......#
.........@........#
.................#..
.....................
.))..................
...............#.#..
.....##..........##.
..... ............ ..
.$...........


You could see Rupert (berserk, ally target) and a friendly battlesphere.

Vanquished Creatures
  Frances (D:13)
  A frost giant (IceCv)
  An ironbound preserver (D:13)
  Nessos (D:13)
  Snorg (D:14)
  4 hydras
  A rakshasa (D:13)
  A boulder beetle (D:7)
  3 two-headed ogres
  2 catoblepae
  An anaconda (Lair:6)
  7 death yaks
  3 centaur warriors
  2 tengu warriors
  An orc high priest (Orc:1)
  Nergalle (D:10)
  2 orc sorcerers
  An oklob plant (Lair:4)
  4 lindwurms (Lair:3)
  3 deep elf pyromancers
  12 ugly things
  9 elephants
  7 black mambas
  7 cyclopes
  2 merfolk sirens (Lair:2)
  A torpor snail (Lair:6)
  An ice statue (IceCv)
  11 cane toads
  An unseen horror (D:13)
  3 rime drakes
  9 komodo dragons
  A kobold demonologist (D:10)
  3 tengu conjurers (D:14)
  A jumping spider (shapeshifter) (D:13)
  A merfolk (Lair:2)
  5 trolls
  21 polar bears
  3 meliai
  19 blink frogs
  8 dream sheep
  5 slime creatures
  A raiju (shapeshifter) (D:13)
  5 wraiths
  A shadow (D:12)
  41 yaks
  3 wyverns
  2 vampires
  5 steam dragons
  5 basilisks
  3 vampire mosquitoes (D:13)
  The ghost of 1player the Insei, an amateur OpTm of Dithmenos (D:4)
  3 acid dragons
  6 wargs (Lair:6)
  5 nagas (Lair:2)
  A two-headed ogre zombie (D:12)
  15 hell hounds (Lair:6)
  14 water moccasins
  2 swamp drakes
  15 orc warriors
  4 sky beasts
  12 black bears
  A hornet zombie (D:6)
  8 ice beasts (Lair:2)
  5 ogres
  2 necrophages (D:7)
  19 centaurs
  48 wolves
  3 phantoms
  5 kobold brigands
  11 bullfrogs
  2 scorpions
  2 gnoll sergeants
  A wyvern zombie (D:6)
  The ghost of p0werm0de the Covered, a weakling DDFi (D:3)
  A water moccasin skeleton (D:5)
  10 wights
  5 killer bees (D:10)
  2 troll zombies (D:12)
  5 electric eels (D:12)
  3 howler monkeys (D:11)
  5 centaur zombies
  A gnoll shaman (D:6)
  4 hounds (D:6)
  Crazy Yiuf (D:4)
  18 orc priests
  2 bullfrog skeletons
  A centaur skeleton (D:7)
  2 jellies (Lair:5)
  5 iguanas
  27 orc wizards
  5 hell rats
  5 ogre zombies (D:12)
  3 howler monkey zombies
  17 gnolls
  14 river rats (Lair:3)
  5 adders
  A shadow imp (D:7)
  4 white imps (D:7)
  An ufetubus (D:6)
  5 dart slugs
  59 orcs
  9 ball pythons
  5 bats
  8 endoplasms
  3 hobgoblins
  9 jackals
  9 quokkas
  3 frilled lizards
  3 goblins
  2 goblin skeletons (D:12)
  3 goblin zombies (D:12)
  A hobgoblin skeleton (D:12)
  3 hobgoblin zombies (D:12)
  21 kobolds
  2 orc skeletons (D:12)
  14 orc zombies (D:12)
  16 rats
745 creatures vanquished.

Vanquished Creatures (collateral kills)
  11 foxfires
11 creatures vanquished.

Vanquished Creatures (others)
  3 polar bears (IceCv)
  A dream sheep (Lair:5)
  A yak (IceCv)
  2 wolves (IceCv)
  1044 foxfires
  35 fungi
  91 plants
1177 creatures vanquished.

Grand Total: 1933 creatures vanquished

Notes
Turn   | Place    | Note
-------+----------+-------------------------------------------
     0 | D:1      | wakim the Demigod Fire Elementalist began the quest for the
                  | Orb.
     0 | D:1      | Reached XP level 1. HP: 14/14 MP: 5/5
    93 | D:1      | Reached skill level 1 in Conjurations
   283 | D:1      | Reached XP level 2. HP: 20/20 MP: 1/7
  1050 | D:2      | Reached XP level 3. HP: 12/26 MP: 8/8
  1755 | D:3      | Found a transporter.
  1758 | D:3      | Noticed p0werm0de's ghost (weakling DDFi)
  1759 | D:3      | Found a transporter.
  1896 | D:3      | Reached XP level 4. HP: 4/33 MP: 10/10
  2240 | D:3      | Learned a level 4 spell: Sticky Flame
  2851 | D:4      | Noticed an ogre
  3046 | D:4      | Reached XP level 5. HP: 31/38 MP: 5/11
  3235 | D:4      | Found a runed translucent gate.
  3235 | D:4      | Found a runed translucent gate.
  3235 | D:4      | Found a runed translucent gate.
  3235 | D:4      | Noticed 1player's ghost (amateur OpTm)
  3485 | D:4      | Found a runed translucent door.
  3486 | D:4      | Noticed Crazy Yiuf
  3509 | D:4      | Killed Crazy Yiuf
  3792 | D:4      | Killed an ogre
  3874 | D:4      | Reached XP level 6. HP: 45/45 MP: 13/13
  3998 | D:5      | Entered Level 5 of the Dungeon
  4108 | D:5      | Learned a level 3 spell: Inner Flame
  4326 | D:5      | Reached skill level 5 in Fire Magic
  4647 | D:5      | Reached XP level 7. HP: 50/50 MP: 15/15
  5110 | D:6      | Reached skill level 5 in Conjurations
  5837 | D:6      | Reached XP level 8. HP: 57/57 MP: 15/17
  6261 | D:6      | Reached skill level 1 in Hexes
  6282 | D:6      | Found a staircase to the Ecumenical Temple.
  6291 | Temple   | Entered the Ecumenical Temple
  6508 | D:7      | Found Vagalyol's Distillery.
  6808 | D:6      | Learned a level 5 spell: Fireball
  7286 | D:7      | Noticed a boulder beetle
  7311 | D:7      | Identified the +1 ring mail of Licwargh {Dex+2}
  7357 | D:7      | Killed a boulder beetle
  7358 | D:7      | Reached skill level 1 in Fighting
  7358 | D:7      | Reached XP level 9. HP: 51/64 MP: 17/18
  7728 | D:7      | Identified the ring of Hases {rN+ Will+ Int+5}
  7752 | D:7      | Noticed a green ugly thing
  7754 | D:7      | Noticed a komodo dragon
  8668 | D:7      | Killed a komodo dragon
  8927 | D:6      | Killed a green ugly thing
  8928 | D:6      | Reached XP level 10. HP: 58/78 MP: 16/19
 11031 | D:9      | Reached skill level 5 in Dodging
 11255 | D:9      | Identified the +2 cloak of Goybboin {rElec rPois Stlth+}
 11294 | D:9      | Found a staircase to the Lair.
 11554 | D:9      | You fall into a shaft and drop 1 floor!
 11554 | D:10     | Entered Level 10 of the Dungeon
 12285 | D:10     | Reached skill level 5 in Fighting
 12392 | D:10     | Noticed Nergalle
 12401 | D:10     | Killed Nergalle
 12402 | D:10     | Reached skill level 5 in Spellcasting
 14294 | D:11     | Reached XP level 11. HP: 71/89 MP: 8/23
 14480 | D:12     | Noticed a two-headed ogre
 14509 | D:11     | Killed a two-headed ogre
 15442 | D:12     | Learned a level 5 spell: Bolt of Magma
 15501 | D:12     | Found a staircase to the Orcish Mines.
 15930 | D:12     | Reached skill level 1 in Shields
 16483 | D:12     | Found Atugoqic's Armour Shoppe.
 16496 | D:12     | Noticed a two-headed ogre
 16508 | D:12     | Killed a two-headed ogre
 17722 | D:3      | Killed p0werm0de's ghost
 18050 | D:4      | Killed 1player's ghost
 18964 | D:12     | Found a portal to a secret trove of treasure.
 19171 | Lair:1   | Entered Level 1 of the Lair of Beasts
 20010 | Lair:1   | Noticed a five-headed hydra
 20196 | Lair:1   | Killed a five-headed hydra
 20400 | Lair:1   | Found the +4 skin of Zhor {*Englaciate rC+++ SInv}
 20462 | Lair:1   | Reached XP level 12. HP: 86/100 MP: 2/26
 20650 | Lair:1   | Reached skill level 5 in Shields
 21302 | Lair:2   | Found a frozen archway.
 21353 | IceCv    | Entered an ice cave
 21926 | IceCv    | Identified the +8 great sword of Flawed Execution {speed,
                  | *Corrode Dex+4 Stlth+}
 22013 | IceCv    | Reached skill level 1 in Earth Magic
 23743 | IceCv    | Noticed a frost giant
 23762 | IceCv    | Killed a frost giant
 24834 | Lair:2   | Found a staircase to the Shoals.
 25155 | Lair:2   | Found a staircase to the Snake Pit.
 25352 | Lair:3   | Noticed a catoblepas
 25463 | Lair:2   | Reached XP level 13. HP: 93/107 MP: 16/28
 25937 | Lair:3   | Learned a level 5 spell: Iskenderun's Battlesphere
 27579 | Lair:3   | Identified the Grimoire of the Arsonist
 28312 | Lair:3   | Learned a level 1 spell: Magic Dart
 29326 | Lair:4   | You fall into a shaft and drop 2 floors!
 29326 | Lair:6   | Entered Level 6 of the Lair of Beasts
 29436 | Lair:6   | HP: 5/111 [torpor snail (16)]
 30962 | Lair:5   | Found a staircase to the Slime Pits.
 32198 | Lair:6   | Found a transporter.
 32201 | Lair:6   | Found a transporter.
 32217 | Lair:6   | Reached skill level 10 in Shields
 32543 | Lair:6   | Reached skill level 10 in Dodging
 32649 | Lair:6   | Identified the +1 plate armour of the True Pharaoh {+Inv
                  | rC+ Dex+5 Stlth-}
 32889 | Lair:6   | Noticed Kauxt's ghost (journeyman DrVM)
 33129 | Lair:5   | Reached XP level 14. HP: 99/119 MP: 24/30
 33865 | Lair:5   | Reached skill level 10 in Fighting
 36940 | D:12     | Bought a +2 kite shield of poison resistance for 277 gold
                  | pieces
 37778 | D:13     | Noticed Nessos
 38145 | D:13     | Killed Nessos
 38995 | D:13     | Noticed an ironbound preserver
 39012 | D:13     | Killed an ironbound preserver
 39589 | D:13     | Found a gate to the Vaults.
 40129 | D:14     | Reached skill level 5 in Hexes
 40129 | D:14     | Reached skill level 10 in Fire Magic
 40346 | D:14     | Noticed Frances
 40421 | D:13     | Killed Frances
 40422 | D:13     | Reached skill level 10 in Conjurations
 40782 | D:14     | Noticed Snorg
 40797 | D:14     | Killed Snorg
 41584 | D:14     | Reached XP level 15. HP: 128/128 MP: 8/32
 41591 | D:14     | Learned a level 6 spell: Starburst
 41930 | D:15     | Entered Level 15 of the Dungeon
 42087 | Orc:1    | Entered Level 1 of the Orcish Mines
 42527 | Orc:2    | Entered Level 2 of the Orcish Mines
 42622 | Orc:2    | Noticed Rupert
 42660 | Orc:2    | HP: 3/127 [Rupert/+3 antimagic great mace (34)]
 42660 | Orc:2    | Mangled by Rupert

Illustrated notes

Levels and vault maps discovered:
D:1:      dpeg_arrival_rhombi, layout_loops_ring
D:2:      layout_rooms, minmay_hexomino_p4
D:3:      layout_loops_ring, gammafunk_ghost_arena, minmay_strange_pillars
D:4:      layout_rooms, grunt_temple_overflow_opulence,
          ebering_ghost_rock_garden, kennysheep_generic_room_2,
          uniq_crazy_yiuf_cottage
D:5:      layout_cave_pods, lemuel_coloured_pillars_altar,
          chequers_serial_rivers_small_b
D:6:      layout_basic, minmay_temple_entry_sparse_star
D:7:      nzn_winding_woodlands_stair_cross [nzn_winding_woodlands_5x15_parted,
          nzn_winding_woodlands_center_garden,
          nzn_winding_woodlands_5x15_zeroes,
          nzn_winding_woodlands_5x5_closed_star,
          nzn_winding_woodlands_5x5_three, nzn_winding_woodlands_5x15_garden,
          nzn_winding_woodlands_center_triple_pond,
          nzn_winding_woodlands_5x15_pathside_ponds], layout_loops_ring,
          kennysheep_little_box, nicolae_overflow_crystal_walls, serial_shops,
          nicolae_shop_stone
D:8:      layout_gridville
D:9:      layout_long_grid, gammafunk_temple_overflow_wave, lair_entry_dummy
D:10:     layout_roguey, nicolae_overflow_hidden_temple,
          gammafunk_temple_overflow_statue, statue_in_the_mist_lemuel,
          uniq_nergalle
D:11:     layout_long_grid
D:12:     layout_basic, zombieorc2_lemuel, nicolae_trove_entry_columns,
          serial_shops, shop, kennysheep_generic_room_4
D:13:     layout_rooms, skrybe_vaults_entry_preservation, chequers_arboretum,
          uniq_nessos
D:14:     layout_loops_cross, special_room [special_room_orc], uniq_frances,
          uniq_snorg
D:15:     hangedman_depths_entry_civil_slaughter, layout_gridville, minivault_16
Temple:   hc_temple_tempest_star
Lair:1:   layout_cave_pods, st_stairs_7, lemuel_fruit_fields
Lair:2:   layout_hall_layers, elwin_shoals_entry_rooms,
          minmay_snake_entry_guardpost_medium, portal_ice_cave_entry_ice_beasts,
          serial_bayou_shore_b
Lair:3:   lemuel_ratsnest, layout_small_grid, minmay_lindwurm_lava,
          grunt_megastairs_2
Lair:4:   layout_roguey, chequers_serial_rivers_micro_c,
          chequers_serial_rivers_small_3, chequers_serial_rivers_micro_c,
          st_stairs_11, minmay_lair_oklob_items, chequers_serial_rivers_marsh,
          lemuel_old_faithful, serial_bayou_shore_b
Lair:5:   layout_long_grid, nicolae_slime_entry_slimehenge
Lair:6:   guppyfry_lair_end_dragon, layout_layer_cave,
          hangedman_lair_caniforms_friends, nzn_ghost_randoct
Orc:1:    layout_caves, nicolae_orc_lava_tube, david_defended_altar_orc
Orc:2:    grunt_orc_cross, layout_caves, basic_altar, uniq_josephine,
          uniq_rupert

Skill      XL: |  1  2  3  4  5  6  7  8  9 10 11 12 13 14 |
---------------+-------------------------------------------+-----
Conjurations   | 1 2 3 4 5 7 8 9 10 | 10.2
Fire Magic     | 3 4 5 6 7 8 9 10 | 10.3
Spellcasting   | 2 3 4 5 6 7 8 9 |  9.1
Hexes          | 4 5 |  5.0
Fighting       | 1 3 5 7 8 9 10 | 10.7
Dodging        | 2 4 6 7 8 10 | 10.9
Stealth        | 3 4 |  4.0
Shields        | 4 7 10 | 10.0
Earth Magic    | 4 |  4.9

Action                   |  1- 3 |  4- 6 |  7- 9 | 10-12 | 13-15 || total
-------------------------+-------+-------+-------+-------+-------++-------
Melee: Dagger            |       |       |    15 |   158 |   200 ||   373
 Cast: Foxfire           |    76 |   108 |   109 |   226 |   110 ||   629
       Sticky Flame      |       |     3 |    47 |   156 |   119 ||   325
       Inner Flame       |       |       |     4 |       |       ||     4
       Fireball          |       |       |     4 |    76 |    41 ||   121
       Bolt of Magma     |       |       |       |     8 |    20 ||    28
       Magic Dart        |       |       |       |       |   435 ||   435
       Iskenderun's Batt |       |       |       |       |   118 ||   118
       Starburst         |       |       |       |       |    14 ||    14
Evoke: Wand              |       |       |       |     1 |       ||     1
  Use: Scroll            |     6 |     5 |     5 |     8 |     7 ||    31
       Potion            |       |       |       |     2 |       ||     2
 Stab: Sleeping          |       |       |       |     3 |     1 ||     4
       Petrified         |       |       |       |       |     3 ||     3
Armor: Robe              |     1 |     5 |    32 |    62 |   146 ||   246
       Steam dragon scal |       |       |    11 |    18 |       ||    29
       Animal skin       |       |       |       |    58 |    27 ||    85
Dodge: Dodged            |    15 |    12 |    70 |   380 |   405 ||   882
Block: Kite shield       |       |       |       |   168 |   590 ||   758
       Reflection        |       |       |       |       |    49 ||    49

Table legend: (Time is in decaauts)
 A = Elapsed time spent in this place.
 B = Non-inter-level travel time spent in this place.
 C = Inter-level travel time spent in this place.
 D = Time resting spent in this place.
 E = Time spent auto-exploring this place.
 F = Levels seen in this place.
 G = Mean time per level.
                   A        B        C        D        E       F      G
               +--------+--------+--------+--------+--------+-----+--------+
         Total |  42891 |  40561 |   2330 |   5211 |  28588 |  25 | 1715.6 |
       Dungeon |  24573 |  22629 |   1944 |   2567 |  16540 |  15 | 1638.2 |
        Temple |     24 |     14 |     10 |      0 |     13 |   1 |   24.0 |
          Lair |  15155 |  14793 |    362 |   2319 |   9993 |   6 | 2525.8 |
  Orcish Mines |    457 |    443 |     14 |     89 |    231 |   2 |  228.5 |
      Ice Cave |   2680 |   2680 |      0 |    236 |   1811 |   1 | 2680.0 |
               +--------+--------+--------+--------+--------+-----+--------+

Top non-repeatable levels by time:
  Lair:6: 4240 daAuts
    D:12: 4228 daAuts
  Lair:3: 2961 daAuts
   IceCv: 2680 daAuts
  Lair:5: 2422 daAuts
     D:7: 2302 daAuts
  Lair:2: 2043 daAuts
  Lair:1: 1983 daAuts
    D:11: 1933 daAuts
    D:13: 1910 daAuts
     D:6: 1887 daAuts
    D:14: 1871 daAuts
    D:10: 1733 daAuts
     D:8: 1545 daAuts
  Lair:4: 1504 daAuts
